PBL
TROIS-RIVERES AIGLES @ BROCKTON ROX
08/23/2044
 
TOP OF THE 1ST
Trois-Riveres Aigles batting - Pitching for Brockton Rox : RHP Ryuhei Shimabukuro
Pitching: RHP Ryuhei Shimabukuro
Batting: LHB Jonathan Spino 0-0: Called Strike
0-1: Hit by Pitch
Batting: SHB Dave Reynoso 0-0: Ball
1-0: Fielders Choice at 2nd, 4-6 (Groundball, 13, EV 86.9 MPH)
Batting: RHB Sesto Carpini 0-0: Called Strike
0-1: Ball
1-1: Ball
2-1: Ball
3-1: Foul Ball, location: 2F
3-2: Foul Ball, location: 2F
3-2: Fly out, F7 (Flyball, 7LD, EV 91.3 MPH)
Batting: LHB Oscar Curiel 0-0: Ball
1-0: Ball
2-0: Foul Ball, location: 2F
2-1: Swinging Strike
2-2: Ball
3-2: Strikes out looking
Top of the 1st over - 0 runs, 0 hits, 0 errors, 1 left on base; Trois-Riveres 0 - Brockton 0
BOTTOM OF THE 1ST
Brockton Rox batting - Pitching for Trois-Riveres Aigles : RHP Jaime Astacio
Pitching: RHP Jaime Astacio
Batting: RHB Mike Griffin 0-0: Called Strike
0-1: Called Strike
0-2: Ball
1-2: Ball
2-2: Fly out, F6 (Line Drive, 6, EV 74.4 MPH)
Batting: LHB John Buff 0-0: Called Strike
0-1: Foul Ball, location: 2F
0-2: Ball
1-2: Foul Ball, location: 2F
1-2: Ball
2-2: Foul Ball, location: 2F
2-2: Ball
3-2: DOUBLE (Line Drive, 78D, EV 108.1 MPH)
Batting: RHB Jim Hubbard 0-0: Called Strike
0-1: Ground out U3 (Groundball, 3L, EV 105.6 MPH)
John Buff to third
Batting: LHB Carlos Guerra 0-0: Called Strike
0-1: Swinging Strike
0-2: Strikes out swinging
Bottom of the 1st over - 0 runs, 1 hit, 0 errors, 1 left on base; Trois-Riveres 0 - Brockton 0
TOP OF THE 2ND
Trois-Riveres Aigles batting - Pitching for Brockton Rox : RHP Ryuhei Shimabukuro
Batting: RHB Jose Arriola 0-0: Ball
1-0: Swinging Strike
1-1: Ball
2-1: Foul Ball, location: 2F
2-2: Ball
3-2: Foul Ball, location: 2F
3-2: SINGLE (Flyball, 89S, EV 90.0 MPH)
Batting: RHB Dave Galloway 0-0: Ball
1-0: Called Strike
1-1: Ball
2-1: Foul Ball, location: 2F
2-2: Ball
3-2: SINGLE (Flyball, 89S, EV 87.5 MPH)
Jose Arriola to second
Batting: RHB Nelle Lommen 0-0: Fly out, F9 (Flyball, 9, EV 80.6 MPH)
Batting: RHB Jason Penfield 0-0: Ball
1-0: Called Strike
1-1: Ball
2-1: Called Strike
2-2: Ball
3-2: Ground out 4-3 (Groundball, 4S, EV 69.4 MPH)
Jose Arriola to third
Dave Galloway to second
Batting: RHB Josh Harmon 0-0: Foul Ball, location: 2F
0-1: Foul Ball, location: 2F
0-2: Foul Ball, location: 2F
0-2: Strikes out swinging
Top of the 2nd over - 0 runs, 2 hits, 0 errors, 2 left on base; Trois-Riveres 0 - Brockton 0
BOTTOM OF THE 2ND
Brockton Rox batting - Pitching for Trois-Riveres Aigles : RHP Jaime Astacio
Batting: LHB Aaron Brannon 0-0: Ball
1-0: SINGLE (Groundball, 3S, EV 70.0 MPH) (infield hit)
Batting: RHB Ted Emmerich 0-0: Ball
Aaron Brannon is caught stealing 2nd base 2-4
1-0: Ball
2-0: Called Strike
2-1: Swinging Strike
2-2: Fly out, F8 (Line Drive, 8LD, EV 104.4 MPH)
Batting: RHB Alex Melendez 0-0: Ball
1-0: Called Strike
1-1: Reached on error, E4 (Groundball, 4D, EV 83.8 MPH)
Batting: LHB Mike Hutcheson 0-0: Ground out 4-3 (Groundball, 4, EV 105.6 MPH)
Bottom of the 2nd over - 0 runs, 1 hit, 1 error, 1 left on base; Trois-Riveres 0 - Brockton 0
TOP OF THE 3RD
Trois-Riveres Aigles batting - Pitching for Brockton Rox : RHP Ryuhei Shimabukuro
Batting: LHB Jonathan Spino 0-0: Swinging Strike
0-1: Ball
1-1: Foul Ball, location: 2F
1-2: Strikes out looking
Batting: SHB Dave Reynoso 0-0: Foul Ball, location: 2F
0-1: Foul Ball, location: 2F
0-2: Ball
1-2: Strikes out swinging
Batting: RHB Sesto Carpini 0-0: Fly out, F8 (Flyball, 8LXD, EV 96.3 MPH)
Top of the 3rd over - 0 runs, 0 hits, 0 errors, 0 left on base; Trois-Riveres 0 - Brockton 0
BOTTOM OF THE 3RD
Brockton Rox batting - Pitching for Trois-Riveres Aigles : RHP Jaime Astacio
Batting: RHB Bakhtiar Asadov 0-0: Swinging Strike
0-1: Ball
1-1: Ground out 6-3 (Groundball, 6, EV 87.5 MPH)
Batting: RHB Mike Griffin 0-0: Swinging Strike
0-1: Ball
1-1: Ball
2-1: Called Strike
2-2: SINGLE (Line Drive, 7S, EV 86.9 MPH)
Batting: LHB John Buff 0-0: Called Strike
Mike Griffin steals 2nd base (no throw)
0-1: Ball
1-1: Foul Ball, location: 2F
1-2: SINGLE (Groundball, 34S, EV 61.3 MPH) (infield hit)
Mike Griffin to third
Batting: RHB Jim Hubbard 0-0: Foul Ball, location: 2F
0-1: Ball
1-1: Grounds into double play, 4-6-3 (Groundball, 34, EV 96.9 MPH)
Bottom of the 3rd over - 0 runs, 2 hits, 0 errors, 1 left on base; Trois-Riveres 0 - Brockton 0
TOP OF THE 4TH
Trois-Riveres Aigles batting - Pitching for Brockton Rox : RHP Ryuhei Shimabukuro
Batting: LHB Oscar Curiel 0-0: Ball
1-0: Called Strike
1-1: Fly out, F8 (Line Drive, 8RD, EV 98.8 MPH)
Batting: RHB Jose Arriola 0-0: Ball
1-0: Swinging Strike
1-1: Swinging Strike
1-2: Fly out, F8 (Flyball, 8LS, EV 92.5 MPH)
Batting: RHB Dave Galloway 0-0: Foul Ball, location: 2F
0-1: Ball
1-1: Ground out 4-3 (Groundball, 13, EV 90.0 MPH)
Top of the 4th over - 0 runs, 0 hits, 0 errors, 0 left on base; Trois-Riveres 0 - Brockton 0
BOTTOM OF THE 4TH
Brockton Rox batting - Pitching for Trois-Riveres Aigles : RHP Jaime Astacio
Batting: LHB Carlos Guerra 0-0: Ball
1-0: Ball
2-0: Foul Ball, location: 2F
2-1: Swinging Strike
2-2: Ball
3-2: Foul Ball, location: 2F
3-2: Base on Balls
Batting: LHB Aaron Brannon 0-0: Ball
1-0: Ball
2-0: Ball
3-0: Called Strike
3-1: Called Strike
3-2: SINGLE (Line Drive, 34D, EV 103.1 MPH)
Carlos Guerra to second
Runner from 2nd tries for 3rd, SAFE, throw by RF made to third
Batting: RHB Ted Emmerich 0-0: Called Strike
0-1: Ball
Aaron Brannon steals 2nd base (no throw)
1-1: Called Strike
1-2: Strikes out swinging
Batting: RHB Alex Melendez 0-0: Ball
1-0: Ground out 6-3 (Groundball, 6, EV 98.8 MPH)
Carlos Guerra scores
Batting: LHB Mike Hutcheson 0-0: Fly out, F6 (Popup, 15, EV 71.3 MPH)
Bottom of the 4th over - 1 run, 1 hit, 0 errors, 1 left on base; Trois-Riveres 0 - Brockton 1
TOP OF THE 5TH
Trois-Riveres Aigles batting - Pitching for Brockton Rox : RHP Ryuhei Shimabukuro
Batting: RHB Nelle Lommen 0-0: Ball
1-0: Fly out, F8 (Flyball, 8RM, EV 92.5 MPH)
Batting: RHB Jason Penfield 0-0: Ball
1-0: Called Strike
1-1: Foul Ball, location: 2F
1-2: Ball
2-2: Ball
3-2: Foul Ball, location: 2F
3-2: Strikes out looking
Batting: RHB Josh Harmon 0-0: Foul Ball, location: 2F
0-1: Ball
1-1: Foul Ball, location: 2F
1-2: Strikes out swinging
Top of the 5th over - 0 runs, 0 hits, 0 errors, 0 left on base; Trois-Riveres 0 - Brockton 1
BOTTOM OF THE 5TH
Brockton Rox batting - Pitching for Trois-Riveres Aigles : RHP Jaime Astacio
Batting: RHB Bakhtiar Asadov 0-0: Fly out, F7 (Line Drive, 7, EV 108.8 MPH)
Batting: RHB Mike Griffin 0-0: Called Strike
0-1: Foul Ball, location: 2F
0-2: Ball
1-2: Ball
2-2: Fly out, F7 (Flyball, 7LM, EV 102.5 MPH)
Batting: LHB John Buff 0-0: Ball
1-0: Called Strike
1-1: Foul Ball, location: 2F
1-2: Foul Ball, location: 2F
1-2: Ground out U3 (Groundball, 34, EV 85.0 MPH)
Bottom of the 5th over - 0 runs, 0 hits, 0 errors, 0 left on base; Trois-Riveres 0 - Brockton 1
TOP OF THE 6TH
Trois-Riveres Aigles batting - Pitching for Brockton Rox : RHP Ryuhei Shimabukuro
Batting: LHB Jonathan Spino 0-0: Ball
1-0: Ball
2-0: SINGLE (Flyball, 6MD, EV 96.9 MPH)
Batting: SHB Dave Reynoso 0-0: Ball
Jonathan Spino is caught stealing 2nd base 2-6
1-0: Called Strike
1-1: Called Strike
1-2: Foul Ball, location: 2F
1-2: Fly out, F8 (Line Drive, 8LD, EV 102.5 MPH)
Batting: RHB Sesto Carpini 0-0: Ball
1-0: Ball
2-0: Ground out 4-3 (Groundball, 4, EV 83.8 MPH)
Top of the 6th over - 0 runs, 1 hit, 0 errors, 0 left on base; Trois-Riveres 0 - Brockton 1
BOTTOM OF THE 6TH
Brockton Rox batting - Pitching for Trois-Riveres Aigles : RHP Jaime Astacio
Batting: RHB Jim Hubbard 0-0: Ball
1-0: Ball
2-0: Swinging Strike
2-1: Ground out 6-3 (Groundball, 6MD, EV 83.1 MPH)
Batting: LHB Carlos Guerra 0-0: Foul Ball, location: 2F
0-1: Ball
1-1: Foul Ball, location: 2F
1-2: Foul Ball, location: 2F
1-2: Ball
2-2: DOUBLE (Line Drive, 8LXD, EV 98.1 MPH)
Batting: LHB Aaron Brannon 0-0: Foul Ball, location: 2F
0-1: Ball
1-1: Called Strike
1-2: Ground out 4-3 (Groundball, 4, EV 101.3 MPH)
Carlos Guerra to third
Batting: RHB Ted Emmerich 0-0: Swinging Strike
0-1: Ground out 4-3 (Groundball, 4M, EV 86.3 MPH)
Bottom of the 6th over - 0 runs, 1 hit, 0 errors, 1 left on base; Trois-Riveres 0 - Brockton 1
TOP OF THE 7TH
Trois-Riveres Aigles batting - Pitching for Brockton Rox : RHP Ryuhei Shimabukuro
Pitching: LHP Chris Deans
Batting: LHB Oscar Curiel 0-0: Ball
1-0: Ball
2-0: Ball
3-0: Called Strike
3-1: Swinging Strike
3-2: Strikes out swinging
Batting: RHB Jose Arriola 0-0: Called Strike
0-1: Single, Error in OF, E9, batter to second base (Line Drive, 89S, EV 89.4 MPH)
Batting: RHB Dave Galloway 0-0: Ball
1-0: DOUBLE (Line Drive, 78D, EV 103.1 MPH)
Jose Arriola scores
Batting: RHB Nelle Lommen 0-0: Ball
1-0: Swinging Strike
1-1: Swinging Strike
1-2: Foul Ball, location: 2F
1-2: Foul Ball, location: 2F
1-2: Strikes out swinging
Batting: RHB Jason Penfield 0-0: Called Strike
0-1: SINGLE (Line Drive, 9, EV 99.4 MPH)
Dave Galloway to third
Batting: LHB Dave Northam 0-0: Foul Ball, location: 2F
0-1: Called Strike
0-2: Ball
1-2: Ball
2-2: Ball
3-2: Ground out 6-3 (Groundball, 6, EV 86.9 MPH)
Top of the 7th over - 1 run, 3 hits, 1 error, 2 left on base; Trois-Riveres 1 - Brockton 1
BOTTOM OF THE 7TH
Brockton Rox batting - Pitching for Trois-Riveres Aigles : RHP Jaime Astacio
Batting: RHB Alex Melendez 0-0: Ball
1-0: Swinging Strike
1-1: Ball
2-1: Foul Ball, location: 2F
2-2: Fly out, F7 (Line Drive, 7, EV 93.1 MPH)
Batting: LHB Mike Hutcheson 0-0: Foul Ball, location: 2F
0-1: Ball
1-1: Swinging Strike
1-2: Ball
2-2: Ball
3-2: Base on Balls
Batting: RHB Bakhtiar Asadov 0-0: Called Strike
0-1: Fly out, F8 (Flyball, 89D, EV 95.6 MPH)
Batting: RHB Mike Griffin 0-0: Ball
1-0: Ball
2-0: Fielders Choice at 2nd, 5-4 (Groundball, 56, EV 104.4 MPH)
Bottom of the 7th over - 0 runs, 0 hits, 0 errors, 1 left on base; Trois-Riveres 1 - Brockton 1
TOP OF THE 8TH
Trois-Riveres Aigles batting - Pitching for Brockton Rox : LHP Chris Deans
Pitching: RHP Joseph Anderson
Batting: LHB Jonathan Spino 0-0: Ball
1-0: Ball
2-0: Ball
3-0: Called Strike
3-1: Foul Ball, location: 2F
3-2: Strikes out swinging
Batting: SHB Dave Reynoso 0-0: Called Strike
0-1: Swinging Strike
0-2: Ball
1-2: Ball
2-2: SINGLE (Groundball, 34D, EV 98.8 MPH)
Batting: RHB Sesto Carpini 0-0: Ball
1-0: SINGLE (Groundball, 56S, EV 73.8 MPH) (infield hit)
Dave Reynoso to second
Batting: LHB Oscar Curiel 0-0: Foul Ball, location: 2F
0-1: Foul Ball, location: 2F
0-2: Ball
1-2: Ball
2-2: Ball
3-2: Strikes out swinging
Batting: RHB Jose Arriola 0-0: Fly out, F8 (Flyball, 8LS, EV 88.1 MPH)
Top of the 8th over - 0 runs, 2 hits, 0 errors, 2 left on base; Trois-Riveres 1 - Brockton 1
BOTTOM OF THE 8TH
Brockton Rox batting - Pitching for Trois-Riveres Aigles : RHP Jaime Astacio
Batting: LHB John Buff 0-0: Ground out 5-3 (Groundball, 56, EV 76.9 MPH)
Batting: RHB Jim Hubbard 0-0: Ball
1-0: Swinging Strike
1-1: Called Strike
1-2: Foul Ball, location: 2F
1-2: SOLO HOME RUN (Flyball, 7D, EV 98.1 MPH), Distance : 383 ft
Pitching: LHP Dean Byrne
Batting: LHB Carlos Guerra 0-0: Ball
1-0: Swinging Strike
1-1: Ball
2-1: Foul Ball, location: 2F
2-2: Ball
3-2: Base on Balls
Batting: LHB Aaron Brannon 0-0: Foul Ball, location: 2F
0-1: Ball
Carlos Guerra steals 2nd base
1-1: SINGLE (Groundball, 25, EV 70.0 MPH) (infield hit)
Carlos Guerra to third
Pitching: LHP Tim Pulliam
Batting: RHB Ted Emmerich 0-0: Ball
1-0: Called Strike
1-1: Ball
2-1: Ball
3-1: Foul Ball, location: 2F
3-2: Grounds into double play, 4-6-3 (Groundball, 4, EV 81.3 MPH)
Bottom of the 8th over - 1 run, 2 hits, 0 errors, 1 left on base; Trois-Riveres 1 - Brockton 2
TOP OF THE 9TH
Trois-Riveres Aigles batting - Pitching for Brockton Rox : RHP Joseph Anderson
Pitching: RHP Nherbert Silivan
Pinch Hitting: SHB Ray Luna 0-0: Foul Ball, location: 2F
0-1: Ball
1-1: Ball
2-1: Ball
3-1: Base on Balls
Batting: RHB Nelle Lommen 0-0: Ball
1-0: Ball
2-0: Bunted foul
2-1: Sac Bunt to 2L - play at first, batter OUT! 2-4
Ray Luna to second
Pinch Hitting: LHB Darryl Gonnella 0-0: Called Strike
0-1: Called Strike
0-2: Foul Ball, location: 2F
0-2: Ground out U3 (Groundball, 3L, EV 97.5 MPH)
Ray Luna to third
Batting: LHB Dave Northam 0-0: Ball
1-0: Ball
2-0: Ball
3-0: Base on Balls
Batting: LHB Jonathan Spino 0-0: Ball
1-0: Swinging Strike
1-1: Ball
2-1: Fly out, F9 (Line Drive, 9D, EV 96.3 MPH)
Top of the 9th over - 0 runs, 0 hits, 0 errors, 2 left on base; Trois-Riveres 1 - Brockton 2
Thursday, March 31st , 2022 - OOTP Baseball 22.12 Build 89